 Dungeon Crawl Stone Soup version 0.28-a0-793-g31680bbd8b (webtiles) character file.

Game seed: 2743179673211441575

53 frimble the Grasshopper (level 3, -1/35 HPs)
             Began as a Troll Warper on Nov 4, 2021.
             Slain by an orc (6 damage)
             ... on level 3 of the Dungeon.
             The game lasted 00:01:26 (1548 turns).

frimble the Grasshopper (Troll Warper)              Turns: 1548, Time: 00:01:26

Health: -1/35      AC:  5    Str: 19    XL:     3   Next: 62%
Magic:  4/4        EV: 10    Int: 10    God:
Gold:   101        SH:  0    Dex:  9    Spells: 2/4 levels left

rFire   . . .      SeeInvis .     - Unarmed
rCold   . . .      Faith    .   (no shield)
rNeg    . . .      Spirit   .   a - +1 robe
rPois   .          Reflect  .   (helmet restricted)
rElec   .          Harm     .   (no cloak)
rCorr   .          Rampage  .   (gloves unavailable)
Will    .....                   (boots unavailable)
Stlth   +.........              (no amulet)
HPRegen 1.11/turn               (no ring)
MPRegen 0.09/turn               (no ring)

@: confused
A: large, unfitting armour, claws 3, regeneration 1, shaggy fur 1, tough skin 1
a: no special abilities


You were on level 3 of the Dungeon.
You visited 1 branch of the dungeon, and saw 3 of its levels.

You collected 101 gold pieces.

Inventory:

Missiles
 c - 5 boomerangs of dispersal (quivered)
 d - 12 poisoned darts
Armour
 a - a +1 robe (worn)
Scrolls
 b - a scroll of blinking
 g - a scroll of enchant armour
 h - a scroll of holy word {unknown}
 i - a scroll of fog {unknown}
Potions
 e - a potion of invisibility {unknown}
 f - a potion of heal wounds {unknown}


   Skills:
 + Level 2.0 Fighting
 + Level 1.5 Throwing
 - Level 2.2 Dodging
 + Level 2.3 Unarmed Combat
 - Level 1.4 Spellcasting
 + Level 2.4 Translocations


You had 2 spell levels left.
You knew the following spells:

 Your Spells              Type           Power      Damage    Failure   Level
a - Blink                 Tloc           10%        N/A       19%         2

Your spell library contained the following spells:

 Spells                   Type           Power      Damage    Failure   Level
 Passwall                 Tmut/Erth      0%         N/A       45%         2
 Gell's Gravitas          Tloc           5%         N/A       36%         3
 Lesser Beckoning         Tloc           5%         N/A       36%         3
 Teleport Other           Tloc           5%         N/A       36%         3
 Swiftness                Air            0%         N/A       69%         3
 Manifold Assault         Tloc           5%         N/A       98%         5
 Invisibility             Hex            0%         N/A       100%        6


Dungeon Overview and Level Annotations

Branches:
Dungeon (3/15)

Altars:


Innate Abilities, Weirdness & Mutations

You are too large for most types of armour.
You have claws for hands.
Your natural rate of healing is unusually fast.
You are covered in fur. (AC +1)
You have tough skin. (AC +1)


Message History

The orc wizard gestures at you while chanting.
You are confused.
The orc hits you with a +0 war axe!
You are too injured to fight recklessly!
You are too injured to fight recklessly!
You are too injured to fight recklessly!
You are too injured to fight recklessly!
You are too injured to fight recklessly!
You are too injured to fight recklessly!
You are too injured to fight recklessly!
You are too injured to fight recklessly!
You are too injured to fight recklessly!
You closely miss the orc. Something hits you. The orc barely misses you.
The orc wizard closely misses you. The orc barely misses you.
You bump into the closed door.
You hear some strange, mumbled words.
A magic dart appears from out of thin air!
The magic dart hits you. The orc hits you but does no damage.
The orc wizard hits you with a +0 dagger.
The orc hits you with a +0 war axe!
You bump into the closed door.
Something hits you but does no damage. The orc completely misses you.
The orc wizard hits you with a +0 dagger.
The orc hits you with a +0 war axe.
* * * LOW HITPOINT WARNING * * *
You bump into the closed door.
Something hits you but does no damage. The orc hits you with a +0 dagger.
* * * LOW HITPOINT WARNING * * *
The orc wizard hits you with a +0 dagger.
* * * LOW HITPOINT WARNING * * *
The orc misses you.
You're too confused to cast spells.
Sorry, you're not good enough to have a special ability.
You claw something! Something hits you.
* * * LOW HITPOINT WARNING * * *
The orc closely misses you.
The orc wizard hits you with a +0 dagger.
* * * LOW HITPOINT WARNING * * *
The orc hits you with a +0 war axe.
You die...

#.#.#### #.##..###.#....#
#.#.# #.##..# #.#....#
....######.....###.#....#
.
........>..............#
#..#####.....(..##.##...#
#...##...##.##...#
#...##...........# +...##
..##.##.#.# #@o.#
..##.##)#.# #.o{o.#
..##.##.#.# ##....#
..........# .....#
.#.#.##.### .....## # #.#
......# #.# ........ #.#
........# #.##.###
...#....


You could see an orc wizard and 2 orcs.

Vanquished Creatures
  An adder (D:2)
  A worm (D:2)
  An orc (D:3)
  6 bats
  4 endoplasms
  2 goblins (D:3)
  6 hobgoblins
  4 jackals (D:2)
  A quokka (D:1)
  2 ball pythons (D:1)
  2 frilled lizards (D:1)
  5 kobolds
  2 rats
37 creatures vanquished.

Notes
Turn   | Place    | Note
-------+----------+-------------------------------------------
     0 | D:1      | frimble the Troll Warper began the quest for the Orb.
     0 | D:1      | Reached XP level 1. HP: 19/19 MP: 1/1
    63 | D:1      | Reached skill level 1 in Throwing
    94 | D:1      | Reached XP level 2. HP: 28/28 MP: 2/2
   502 | D:1      | Found a faded altar of an unknown god.
   750 | D:2      | Reached XP level 3. HP: 19/35 MP: 4/4
   920 | D:2      | Learned a level 2 spell: Blink
  1548 | D:3      | Slain by an orc

Illustrated notes

Levels and vault maps discovered:
D:1:      dpeg_arrival_windows_large_door, layout_basic,
          chequers_ecumenical_altar_grove
D:2:      layout_loops_ring, minmay_tetromino_t4
D:3:      layout_basic, amcnicky_altar_gilded, nicolae_wu_jian_glorious_leap

Skill      XL: |  1  2  3 |
---------------+----------+-----
Throwing       | 1 |  1.5
Dodging        | 2 |  2.2
Fighting       | 2 |  2.0
Unarmed Combat | |  2.3
Spellcasting   | |  1.4
Translocations | |  2.4

Action                   || total
-------------------------++-------
Melee: Unarmed           ||   130
       Punch             ||     1
  Use: Scroll            ||     1
Armor: Robe              ||    74
Dodge: Dodged            ||    82

Table legend: (Time is in decaauts)
 A = Elapsed time spent in this place.
 B = Non-inter-level travel time spent in this place.
 C = Inter-level travel time spent in this place.
 D = Time resting spent in this place.
 E = Time spent auto-exploring this place.
 F = Levels seen in this place.
 G = Mean time per level.
                   A        B        C        D        E       F      G
               +--------+--------+--------+--------+--------+-----+--------+
         Total |   1541 |   1498 |     43 |      0 |   1206 |   3 |  513.7 |
       Dungeon |   1541 |   1498 |     43 |      0 |   1206 |   3 |  513.7 |
               +--------+--------+--------+--------+--------+-----+--------+

Top non-repeatable levels by time:
     D:1: 720 daAuts
     D:2: 695 daAuts
     D:3: 125 daAuts
